AoeStats
← Gaa

Yucatan

512308467Analyzed
4v4 RM · 8d ago on Oct 9, 2026· 47m 55s· 8 players
Game mode
Random Map
Map size
Large (8 player)
Population
200
Speed
Normal
Resources
Standard
Victory
Conquest
Starting age
Dark Age
Ending age
Imperial Age
RankedLock teamsTeams togetherTeam positionsShared explorationLock speedFull tech treeHidden civsTurbo modeCheats
Victory
Defeat
🇺🇾 Gurjaras · Uruguay
1318
+11
🇨🇱 Maya · Chile
1270
+13
🇨🇱 Franks · Chile
1244
+14
🇨🇱 Byzantines · Chile
1189
+16
vs
🇦🇷 Italians · Argentina
1286
-16
🇦🇷 Vietnamese · Argentina
1258
-16
🇦🇷 Varangians · Argentina
1171
-12
🇦🇷 Magyars · Argentina
1107
-10
Hurut
6:08 Loom
11:20 Feudal Age
11:54 Man-at-Arms
12:21 Double-Bit Axe
15:41 Arson
20:18 Castle Age
19:55 Horse Collar
20:41 Fletching
22:42 Crossbowman
25:59 Wheelbarrow
25:23 Gold Mining
27:16 Bodkin Arrow
33:31 Ballistics
38:09 Thumb Ring
43:34 Hand Cart
49:34 Imperial Age
juanixk
5:25 Loom
11:03 Feudal Age
13:25 Scale Barding Armor
19:19 Castle Age
17:39 Double-Bit Axe
17:49 Gold Mining
17:44 Horse Collar
19:22 Padded Archer Armor
25:23 Chain Barding Armor
30:22 Wheelbarrow
31:00 Bloodlines
33:18 Husbandry
35:31 Hand Cart
38:42 Stone Mining
45:51 Gold Shaft Mining
45:39 Corvinian Army
50:04 Imperial Age
Tran Hung Dao
6:03 Loom
9:11 Feudal Age
9:25 Man-at-Arms
13:17 Double-Bit Axe
20:18 Castle Age
18:35 Horse Collar
19:15 Fletching
19:54 Gold Mining
21:23 Bow Saw
20:57 Crossbowman
22:34 Bodkin Arrow
26:53 Thumb Ring
29:03 Wheelbarrow
30:43 Ballistics
30:47 Stone Mining
32:42 Hand Cart
33:16 Padded Archer Armor
37:53 Imperial Age
35:37 Elite Skirmisher
36:34 Leather Archer Armor
38:45 Stone Shaft Mining
38:10 Heavy Plow
38:16 Arbalester
39:40 Bracer
39:05 Imperial Skirmisher
41:55 Chemistry
44:12 Siege Engineers
44:18 Masonry
46:08 Murder Holes
MysticLM
6:20 Loom
9:05 Feudal Age
18:01 Castle Age
17:39 Wheelbarrow
16:47 Horse Collar
17:38 Scale Barding Armor
17:43 Forging
19:27 Bloodlines
19:17 Husbandry
20:42 Forging
35:30 Town Watch
38:08 Husbandry
41:32 Chain Barding Armor
41:47 Iron Casting
46:18 Imperial Age
43:42 Vendel Legacy
Daiki
5:18 Loom
5:21 Loom
14:07 Feudal Age
15:16 Double-Bit Axe
19:36 Castle Age
22:27 Husbandry
25:22 Fletching
27:09 Elite Skirmisher
28:15 Bodkin Arrow
28:55 Padded Archer Armor
34:24 Wheelbarrow
34:07 Thumb Ring
36:45 Leather Archer Armor
36:53 Hand Cart
42:35 Imperial Age
41:10 Bow Saw
40:44 Horse Collar
43:36 Conscription
43:20 Bracer
44:56 Ring Archer Armor
FatX
4:04 Loom
11:03 Feudal Age
15:38 Castle Age
16:28 Double-Bit Axe
18:09 Husbandry
18:22 Forging
29:45 Scale Barding Armor
31:10 Wheelbarrow
30:59 Chain Barding Armor
33:03 Wheelbarrow
33:32 Gold Mining
36:10 Iron Casting
36:24 Gold Shaft Mining
41:22 Imperial Age
39:11 Hand Cart
38:44 Town Watch
40:52 Caravan
41:30 Cavalier
43:40 Blast Furnace
43:15 Plate Barding Armor
42:58 Paladin
47:53 Capped Ram
Kshulo
0:26 Loom
9:56 Feudal Age
16:22 Fletching
22:21 Castle Age
21:22 Gold Mining
22:18 Padded Archer Armor
29:09 Double-Bit Axe
43:47 Wheelbarrow
45:40 Bow Saw
46:00 Horse Collar
46:26 Hul'che Javelineers
50:22 Imperial Age
47:53 Bodkin Arrow
Gaa
4:10 Loom
12:10 Feudal Age
15:46 Castle Age
13:41 Horse Collar
15:46 Scale Barding Armor
15:51 Forging
22:07 Heavy Plow
24:05 Loom
25:53 Chain Barding Armor
26:06 Husbandry
28:54 Iron Casting
29:32 Bloodlines
36:08 Wheelbarrow
36:44 Wheelbarrow
38:57 Imperial Age
36:34 Kshatriyas
37:09 Double-Bit Axe
39:21 Hand Cart
39:03 Gold Mining
40:29 Plate Barding Armor
39:22 Elite Shrivamsha Rider
42:15 Conscription
43:14 Fletching
43:25 Scale Mail Armor
44:09 Crop Rotation
43:40 Caravan
Connection lost

Rejoining the realm…

Still unreachable

The connection could not be restored.

Session expired

The server has moved on; the page needs a fresh start.